IL
GWINNETT BRAVES @ NEW ORLEANS ZEPHYRS
05/04/2048
 
TOP OF THE 1ST
Gwinnett Braves batting - Pitching for New Orleans Zephyrs : LHP Jeff Tavella
Pitching: LHP Jeff Tavella
Batting: RHB Edgar Castillo 0-0: Ball
1-0: Swinging Strike
1-1: Ball
2-1: Foul Ball, location: 2F
2-2: Ball
3-2: Base on Balls
Batting: LHB Chris Locklear 0-0: Ball
1-0: SINGLE (Flyball, 4D, EV 88.1 MPH)
Edgar Castillo to second
Batting: RHB Dave Nickerson 0-0: Swinging Strike
0-1: Swinging Strike
0-2: Ball
1-2: Strikes out swinging
Batting: RHB Alex Munoz 0-0: Called Strike
0-1: Foul Ball, location: 2F
0-2: Grounds into double play, 6-4-3 (Groundball, 6, EV 103.1 MPH)
Top of the 1st over - 0 runs, 1 hit, 0 errors, 1 left on base; Gwinnett 0 - New Orleans 0
BOTTOM OF THE 1ST
New Orleans Zephyrs batting - Pitching for Gwinnett Braves : LHP Kyle Foster
Pitching: LHP Kyle Foster
Batting: LHB David Doge 0-0: Called Strike
0-1: Ball
1-1: Swinging Strike
1-2: Strikes out swinging
Batting: SHB Jordan Barragan 0-0: Called Strike
0-1: Ball
1-1: Foul Ball, location: 2F
1-2: Ball
2-2: Foul Ball, location: 2F
2-2: Foul Ball, location: 2F
2-2: Strikes out looking
Batting: RHB Adam McGurn 0-0: Foul Ball, location: 2F
0-1: Swinging Strike
0-2: DOUBLE (Line Drive, 78M, EV 87.5 MPH)
Batting: RHB Rick Fell 0-0: Ball
1-0: Ball
2-0: Swinging Strike
2-1: Called Strike
2-2: Ball
3-2: Strikes out looking
Bottom of the 1st over - 0 runs, 1 hit, 0 errors, 1 left on base; Gwinnett 0 - New Orleans 0
TOP OF THE 2ND
Gwinnett Braves batting - Pitching for New Orleans Zephyrs : LHP Jeff Tavella
Batting: RHB Ivan Ramirez 0-0: Ball
1-0: SINGLE (Line Drive, 89M, EV 92.5 MPH)
Batting: RHB Mike Meeker 0-0: Called Strike
0-1: Ball
1-1: Called Strike
1-2: Ball
2-2: Grounds into double play, 6-4-3 (Groundball, 6, EV 108.1 MPH)
Batting: RHB Jesse Lester 0-0: Ball
1-0: Ball
2-0: Foul Ball, location: 2F
2-1: Called Strike
2-2: Foul Ball, location: 2F
2-2: Strikes out swinging
Top of the 2nd over - 0 runs, 1 hit, 0 errors, 0 left on base; Gwinnett 0 - New Orleans 0
BOTTOM OF THE 2ND
New Orleans Zephyrs batting - Pitching for Gwinnett Braves : LHP Kyle Foster
Batting: RHB Manuel Taveras 0-0: Ground out 5-3 (Groundball, 5, EV 87.5 MPH)
Batting: RHB Isaiah Brockman 0-0: Called Strike
0-1: Swinging Strike
0-2: Strikes out swinging
Batting: LHB Eric Bailey 0-0: Foul Ball, location: 2F
0-1: Ball
1-1: Ground out 6-3 (Groundball, 6, EV 81.2 MPH)
Bottom of the 2nd over - 0 runs, 0 hits, 0 errors, 0 left on base; Gwinnett 0 - New Orleans 0
TOP OF THE 3RD
Gwinnett Braves batting - Pitching for New Orleans Zephyrs : LHP Jeff Tavella
Batting: RHB John Peterson 0-0: Ball
1-0: Ball
2-0: Foul Ball, location: 2F
2-1: Swinging Strike
2-2: Foul Ball, location: 2F
2-2: DOUBLE (Line Drive, 89XD, EV 99.4 MPH)
Batting: LHB Fred Arends 0-0: Swinging Strike
0-1: Fly out, F8 (Flyball, 8LS, EV 90.6 MPH)
Batting: RHB Edgar Castillo 0-0: Foul Ball, location: 2F
0-1: Ball
1-1: Ball
2-1: Ball
3-1: Foul Ball, location: 2F
3-2: Foul Ball, location: 2F
3-2: Base on Balls
Batting: LHB Chris Locklear 0-0: Ball
1-0: Fly out, F6 (Line Drive, 6, EV 65.0 MPH)
Batting: RHB Dave Nickerson 0-0: Called Strike
0-1: Ball
1-1: Called Strike
1-2: Foul Ball, location: 2F
1-2: Foul Ball, location: 2F
1-2: Ball
2-2: Ball
3-2: Foul Ball, location: 2F
3-2: Strikes out swinging
Top of the 3rd over - 0 runs, 1 hit, 0 errors, 2 left on base; Gwinnett 0 - New Orleans 0
BOTTOM OF THE 3RD
New Orleans Zephyrs batting - Pitching for Gwinnett Braves : LHP Kyle Foster
Batting: RHB Torquato Obawole 0-0: Called Strike
0-1: Ball
1-1: Called Strike
1-2: Foul Ball, location: 2F
1-2: Ball
2-2: Ball
3-2: Base on Balls
Batting: RHB Masumitsu Sugiura 0-0: Ball
Torquato Obawole steals 2nd base
1-0: Ball
2-0: Ball
3-0: Base on Balls
Batting: LHB David Doge 0-0: Ball
1-0: Called Strike
1-1: Foul Ball, location: 2F
1-2: Foul Ball, location: 2F
1-2: Ball
2-2: Foul Ball, location: 2F
2-2: Fly out, F4 (Line Drive, 4M, EV 75.6 MPH)
Batting: SHB Jordan Barragan 0-0: Called Strike
0-1: Foul Ball, location: 2F
0-2: Foul Ball, location: 2F
0-2: Ball
1-2: Ball
2-2: Ball
3-2: SINGLE (Line Drive, 8LS, EV 110.0 MPH)
Torquato Obawole to third
Masumitsu Sugiura to second
Batting: RHB Adam McGurn 0-0: Called Strike
0-1: Ball
1-1: Swinging Strike
1-2: Strikes out swinging
Batting: RHB Rick Fell 0-0: Ball
1-0: Ball
2-0: Ball
3-0: Called Strike
3-1: Base on Balls
Torquato Obawole scores
Masumitsu Sugiura to third
Jordan Barragan to second
Batting: RHB Manuel Taveras 0-0: Ball
1-0: Ball
Wild Pitch!
Masumitsu Sugiura scores
Jordan Barragan to third
Rick Fell to second
2-0: Foul Ball, location: 2F
2-1: Ball
3-1: Base on Balls
Batting: RHB Isaiah Brockman 0-0: Ground out 4-3 (Groundball, 4, EV 80.6 MPH)
Bottom of the 3rd over - 2 runs, 1 hit, 0 errors, 3 left on base; Gwinnett 0 - New Orleans 2
TOP OF THE 4TH
Gwinnett Braves batting - Pitching for New Orleans Zephyrs : LHP Jeff Tavella
Batting: RHB Alex Munoz 0-0: Foul Ball, location: 2F
0-1: Called Strike
0-2: Strikes out looking
Batting: RHB Ivan Ramirez 0-0: SINGLE (Groundball, 56D, EV 96.9 MPH)
Batting: RHB Mike Meeker 0-0: Called Strike
0-1: Grounds into double play, 4-6-3 (Groundball, 4MS, EV 86.9 MPH)
Top of the 4th over - 0 runs, 1 hit, 0 errors, 0 left on base; Gwinnett 0 - New Orleans 2
BOTTOM OF THE 4TH
New Orleans Zephyrs batting - Pitching for Gwinnett Braves : LHP Kyle Foster
Batting: LHB Eric Bailey 0-0: Swinging Strike
0-1: Bunted foul
0-2: Ball
1-2: Ball
2-2: SINGLE (Groundball, 6D, EV 102.5 MPH)
Batting: RHB Torquato Obawole 0-0: Called Strike
0-1: Called Strike
0-2: Strikes out looking
Batting: RHB Masumitsu Sugiura 0-0: Called Strike
0-1: Called Strike
0-2: Foul Ball, location: 2F
0-2: Fly out, F3 (Popup, 34S, EV 83.1 MPH)
Batting: LHB David Doge 0-0: Ball
Eric Bailey is caught stealing 2nd base 2-6
Bottom of the 4th over - 0 runs, 1 hit, 0 errors, 0 left on base; Gwinnett 0 - New Orleans 2
TOP OF THE 5TH
Gwinnett Braves batting - Pitching for New Orleans Zephyrs : LHP Jeff Tavella
Batting: RHB Jesse Lester 0-0: Ball
1-0: Called Strike
1-1: Foul Ball, location: 2F
1-2: Strikes out swinging
Batting: RHB John Peterson 0-0: Foul Ball, location: 2F
0-1: Ball
1-1: Called Strike
1-2: Ground out 6-3 (Groundball, 6, EV 80.0 MPH)
Batting: LHB Fred Arends 0-0: Ball
1-0: Ball
2-0: Called Strike
2-1: Ball
3-1: Swinging Strike
3-2: Strikes out swinging
Top of the 5th over - 0 runs, 0 hits, 0 errors, 0 left on base; Gwinnett 0 - New Orleans 2
BOTTOM OF THE 5TH
New Orleans Zephyrs batting - Pitching for Gwinnett Braves : LHP Kyle Foster
Batting: LHB David Doge 0-0: Called Strike
0-1: SINGLE (Flyball, 6MD, EV 96.2 MPH)
Batting: SHB Jordan Barragan 0-0: Called Strike
David Doge steals 2nd base (no throw)
0-1: Called Strike
0-2: Foul Ball, location: 2F
0-2: Ball
1-2: Ball
Wild Pitch!
David Doge to third
2-2: Ball
3-2: SINGLE (Flyball, 4D, EV 95.0 MPH)
David Doge scores
Batting: RHB Adam McGurn 0-0: Ball
Jordan Barragan steals 2nd base
1-0: Foul Ball, location: 2F
1-1: Ball
2-1: Fly out, F7 (Flyball, 7, EV 91.2 MPH)
Batting: RHB Rick Fell 0-0: Called Strike
0-1: Ball
1-1: Ground out 1-5-3 (Groundball, 15S, EV 108.8 MPH)
Jordan Barragan to third
Batting: RHB Manuel Taveras 0-0: Called Strike
0-1: Fly out, F8 (Line Drive, 8RM, EV 94.4 MPH)
Bottom of the 5th over - 1 run, 2 hits, 0 errors, 1 left on base; Gwinnett 0 - New Orleans 3
TOP OF THE 6TH
Gwinnett Braves batting - Pitching for New Orleans Zephyrs : LHP Jeff Tavella
Pitching: RHP Jorge Lopez
Batting: RHB Edgar Castillo 0-0: Swinging Strike
0-1: Swinging Strike
0-2: Foul Ball, location: 2F
0-2: Ball
1-2: Strikes out swinging
Batting: LHB Chris Locklear 0-0: DOUBLE (Flyball, 78D, EV 106.2 MPH)
Batting: RHB Dave Nickerson 0-0: Called Strike
0-1: Swinging Strike
0-2: Foul Ball, location: 2F
0-2: Ball
1-2: Ball
2-2: Ground out 4-3 (Groundball, 4S, EV 65.6 MPH)
Chris Locklear to third
Batting: RHB Alex Munoz 0-0: Ball
1-0: Ball
2-0: Foul Ball, location: 2F
2-1: Ground out 6-3 (Groundball, 6, EV 84.4 MPH)
Top of the 6th over - 0 runs, 1 hit, 0 errors, 1 left on base; Gwinnett 0 - New Orleans 3
BOTTOM OF THE 6TH
New Orleans Zephyrs batting - Pitching for Gwinnett Braves : LHP Kyle Foster
Batting: RHB Isaiah Brockman 0-0: Ball
1-0: Called Strike
1-1: Foul Ball, location: 2F
1-2: Strikes out looking
Batting: LHB Eric Bailey 0-0: Ball
1-0: Bunt for hit to 2R - play at first, batter safe!
Pitching: LHP Pete McAllister
Batting: RHB Torquato Obawole 0-0: Called Strike
0-1: Ball
1-1: Ball
2-1: Ball
3-1: Base on Balls
Eric Bailey to second
Batting: RHB Masumitsu Sugiura 0-0: Ball
1-0: Fielders Choice at 2nd, 6-4 (Groundball, 56, EV 104.4 MPH)
Eric Bailey to third
Batting: LHB David Doge 0-0: SINGLE (Line Drive, 56D, EV 96.9 MPH)
Eric Bailey scores
Masumitsu Sugiura to second
Runner from 2nd tries for 3rd, OUT! 7-5
Bottom of the 6th over - 1 run, 2 hits, 0 errors, 1 left on base; Gwinnett 0 - New Orleans 4
TOP OF THE 7TH
Gwinnett Braves batting - Pitching for New Orleans Zephyrs : RHP Jorge Lopez
Pitching: RHP Matt Murray
Batting: RHB Ivan Ramirez 0-0: Fly out, F3 (Popup, 3, EV 73.8 MPH)
Batting: RHB Mike Meeker 0-0: Swinging Strike
0-1: SINGLE (Line Drive, 9S, EV 103.1 MPH)
Batting: RHB Jesse Lester 0-0: Swinging Strike
0-1: Ball
1-1: Ball
Mike Meeker steals 2nd base
2-1: Ball
3-1: Foul Ball, location: 2F
3-2: Foul Ball, location: 2F
3-2: Strikes out swinging
Batting: RHB John Peterson 0-0: Called Strike
0-1: Ground out 6-3 (Groundball, 6, EV 86.2 MPH)
Top of the 7th over - 0 runs, 1 hit, 0 errors, 1 left on base; Gwinnett 0 - New Orleans 4
BOTTOM OF THE 7TH
New Orleans Zephyrs batting - Pitching for Gwinnett Braves : LHP Pete McAllister
Batting: SHB Jordan Barragan 0-0: Foul Ball, location: 2F
0-1: Fly out, F6 (Line Drive, 6, EV 75.0 MPH)
Batting: RHB Adam McGurn 0-0: Ball
1-0: Ball
2-0: Ball
3-0: Base on Balls
Batting: RHB Rick Fell 0-0: Ball
1-0: Foul Ball, location: 2F
1-1: Ball
2-1: Foul Ball, location: 2F
2-2: Strikes out swinging
Batting: RHB Manuel Taveras 0-0: Called Strike
0-1: Foul Ball, location: 2F
0-2: Ball
1-2: Foul Ball, location: 2F
1-2: Ball
2-2: Strikes out looking
Bottom of the 7th over - 0 runs, 0 hits, 0 errors, 1 left on base; Gwinnett 0 - New Orleans 4
TOP OF THE 8TH
Gwinnett Braves batting - Pitching for New Orleans Zephyrs : RHP Matt Murray
Batting: LHB Fred Arends 0-0: Ball
1-0: DOUBLE (Groundball, 3L, EV 108.1 MPH)
Batting: RHB Edgar Castillo 0-0: Called Strike
0-1: Called Strike
0-2: Ball
1-2: Foul Ball, location: 2F
1-2: Ball
2-2: SINGLE (Groundball, 4S, EV 70.6 MPH) (infield hit)
Fred Arends to third
Batting: LHB Chris Locklear 0-0: Foul Ball, location: 2F
0-1: Ball
1-1: Ball
2-1: Foul Ball, location: 2F
2-2: Strikes out swinging
Batting: RHB Dave Nickerson 0-0: Ball
1-0: Ball
2-0: Fly out, F7 (Flyball, 7D, EV 86.2 MPH)
Batting: RHB Alex Munoz 0-0: Ball
1-0: Foul Ball, location: 2F
1-1: Ball
2-1: Swinging Strike
2-2: Fly out, F8 (Line Drive, 8RD, EV 87.5 MPH)
Top of the 8th over - 0 runs, 2 hits, 0 errors, 2 left on base; Gwinnett 0 - New Orleans 4
BOTTOM OF THE 8TH
New Orleans Zephyrs batting - Pitching for Gwinnett Braves : LHP Pete McAllister
Batting: RHB Isaiah Brockman 0-0: SINGLE (Groundball, 6D, EV 103.1 MPH)
Batting: LHB Eric Bailey 0-0: Sac Bunt to 15 - play at first, batter OUT! 1-3
Isaiah Brockman to second
Batting: RHB Torquato Obawole 0-0: Intentional Walk
Batting: RHB Masumitsu Sugiura 0-0: Called Strike
0-1: DOUBLE (Flyball, 89D, EV 103.1 MPH)
Isaiah Brockman scores
Torquato Obawole to third
Batting: LHB David Doge 0-0: Called Strike
0-1: Ball
1-1: SINGLE (Groundball, 34D, EV 100.0 MPH)
Torquato Obawole scores
Masumitsu Sugiura to third
Batting: SHB Jordan Barragan 0-0: Ball
David Doge steals 2nd base (no throw)
1-0: Ball
2-0: Ball
3-0: Base on Balls
Batting: RHB Adam McGurn 0-0: Called Strike
0-1: Called Strike
0-2: Ball
1-2: Foul Ball, location: 2F
1-2: Ball
2-2: Foul Ball, location: 2F
2-2: Ball
3-2: Strikes out swinging
Pitching: RHP Larry Stegall
Batting: RHB Rick Fell 0-0: Foul Ball, location: 2F
0-1: Ball
1-1: Foul Ball, location: 2F
1-2: Strikes out looking
Bottom of the 8th over - 2 runs, 3 hits, 0 errors, 3 left on base; Gwinnett 0 - New Orleans 6
TOP OF THE 9TH
Gwinnett Braves batting - Pitching for New Orleans Zephyrs : RHP Matt Murray
Batting: RHB Ivan Ramirez 0-0: Ball
1-0: Called Strike
1-1: Called Strike
1-2: Ball
2-2: Fly out, F8 (Flyball, 8RXD, EV 95.0 MPH)
Pitching: RHP J.P. Wilson
Batting: RHB Mike Meeker 0-0: Called Strike
0-1: Ball
1-1: Swinging Strike
1-2: Ball
2-2: Strikes out swinging
Batting: RHB Jesse Lester 0-0: Foul Ball, location: 2F
0-1: Called Strike
0-2: Ball
1-2: Ball
2-2: Fly out, F8 (Flyball, 8RS, EV 92.5 MPH)
Top of the 9th over - 0 runs, 0 hits, 0 errors, 0 left on base; Gwinnett 0 - New Orleans 6
Tuesday, March 28th , 2023 - OOTP Baseball 23.10 Build 110